 Dungeon Crawl Stone Soup version 0.21.1-1-g345015fe64 (webtiles) character file.

139 Brecoman the Cudgeler (level 5, -5/32 HPs)
             Began as a Gargoyle Monk on June 14, 2018.
             Slain by hofbold's ghost (9 damage)
             ... on level 4 of the Dungeon.
             The game lasted 00:17:52 (3118 turns).

Brecoman the Cudgeler (Gargoyle Monk)               Turns: 3118, Time: 00:17:53

Health: -5/32      AC: 13    Str: 10    XL:     5   Next: 22%
Magic:  5/5        EV:  9    Int:  7    God:
Gold:   219        SH:  0    Dex: 12    Spells: 4/4 levels left

rFire    + . .     SeeInvis .   s - +2 flail (protect)
rCold    . . .     Gourm    .   (no shield)
rNeg     + . .     Faith    .   u - +2 scale mail {rF+}
rPois    ∞         Spirit   .   (no helmet)
rElec    +         Reflect  .   r - +0 cloak
rCorr    .         Harm     .   (no gloves)
MR       .....                  (no boots)
Stlth    +.........             (no amulet)
HPRegen  0.10/turn              i - -6 ring of strength (curse)
MPRegen  0.09/turn              n - -3 ring of intelligence (curse)

@: berserk cooldown, slowed, very slow
A: negative energy resistance 1, electricity resistance, unbreathing,
petrification resistance, rot immunity, AC +4
a: no special abilities


You were on level 4 of the Dungeon.
You were hungry.

You visited 1 branch of the dungeon, and saw 4 of its levels.

You collected 219 gold pieces.

Inventory:

Hand Weapons
 a - a +0 mace
 e - a +1 dagger of venom
 o - a +0 mace of protection
 s - a +2 flail of protection (weapon)
Missiles
 f - 103 stones (quivered)
Armour
 b - a +0 robe
 h - a +0 chain mail
 r - a +0 cloak (worn)
 t - a +0 scale mail
 u - a +2 scale mail of fire resistance (worn)
Jewellery
 i - a cursed -6 ring of strength (left hand)
 n - a cursed -3 ring of intelligence (right hand)
Wands
 l - a wand of flame (23)
 m - a wand of random effects (26)
Scrolls
 q - 3 scrolls of teleportation
Potions
 g - 2 potions of curing
 j - a potion of haste {unknown}
 k - a potion of heal wounds
 p - a potion of resistance {unknown}
 v - a potion of flight {unknown}
 w - a potion of degeneration {unknown}
Comestibles
 c - 8 rations


   Skills:
 - Level 3.2 Fighting
 - Level 5.0 Maces & Flails
 + Level 2.8 Armour
 - Level 2.4 Dodging
 - Level 2.1 Stealth


You had 4 spell levels left.
You didn't know any spells.

Dungeon Overview and Level Annotations

Branches:
Dungeon (4/15)
 Temple: D:4-7

Altars:
Elyvilon
Uskayaw
Vehumet
Xom

Annotations:
D:4 hofbold's ghost, amateur HuGl


Innate Abilities, Weirdness & Mutations

You are resistant to torment.
Your stone body is resilient. (AC +4)
You are immune to poison.
You resist negative energy. (rN+)
You are resistant to electric shocks. (rElec)
You can survive without breathing.
You are immune to petrification.
You are immune to rotting.


Message History

Hofbold's ghost is severely damaged.
You are no longer berserk.
You are exhausted.
You feel yourself slow down. Hofbold's ghost hits you!
You closely miss hofbold's ghost.
Hofbold's ghost is severely damaged.
Hofbold's ghost hits you.
* * * LOW HITPOINT WARNING * * *
Hofbold's ghost hits you but does no damage.
You sock hofbold's ghost!
Your weapon exudes an aura of protection.
Hofbold's ghost is almost destroyed.
Hofbold's ghost hits you.
* * * LOW HITPOINT WARNING * * *
Hofbold's ghost hits you but does no damage.
Hofbold's ghost hits you but does no damage.
Hofbold's ghost hits you.
* * * LOW HITPOINT WARNING * * *
Hofbold's ghost hits you!
You die...

#..(................
#...............# ..##
#.............#.## ...##
#................####...
##........#.............
##........##...##.#####.
#..........#...##.#####.
#......W...#............
#......@...####....###)#
#..........# #........#
#..........# ##...#####
##......(.## #...#
##......## #...#
######## #####


You could see hofbold's ghost.

Vanquished Creatures
  An orc priest (D:3)
  2 adders (D:2)
  An adder skeleton (D:4)
  2 worms (D:3)
  4 dart slugs
  2 leopard geckos (D:3)
  5 orcs (D:3)
  5 bats
  3 giant cockroaches
  3 hobgoblins (D:1)
  12 jackals
  4 kobolds
  2 quokkas (D:3)
  4 ball pythons
  4 frilled lizards
  5 goblins
  5 rats
64 creatures vanquished.

Notes
Turn   | Place    | Note
-------+----------+-------------------------------------------
     0 | D:1      | Brecoman the Gargoyle Monk began the quest for the Orb.
     0 | D:1      | Reached XP level 1. HP: 14/14 MP: 1/1
    96 | D:1      | Reached XP level 2. HP: 16/19 MP: 2/2
   207 | D:1      | Reached skill level 4 in Maces & Flails
   212 | D:1      | Reached XP level 3. HP: 20/23 MP: 3/3
   737 | D:2      | Found a shimmering altar of Xom.
  1506 | D:2      | Reached XP level 4. HP: 28/28 MP: 4/4
  1545 | D:2      | Found a faded altar of an unknown god.
  1696 | D:2      | Reached skill level 5 in Maces & Flails
  1809 | D:3      | Found a radiant altar of Vehumet.
  1914 | D:4      | Noticed an ogre
  1963 | D:3      | Found a hide-covered altar of Uskayaw.
  2231 | D:3      | Reached skill level 1 in Armour
  2286 | D:3      | HP: 1/28 [orc priest/divine providence (14)]
  2287 | D:3      | Reached XP level 5. HP: 1/32 MP: 5/5
  2942 | D:4      | Found a white marble altar of Elyvilon.
  3078 | D:4      | Noticed hofbold's ghost (amateur HuGl)
  3118 | D:4      | Slain by hofbold's ghost

Skill      XL: |  1  2  3  4 |
---------------+-------------+-----
Maces & Flails | 4 5 |  5.0
Armour         | 2 |  2.8
Fighting       | |  3.2
Dodging        | |  2.4
Stealth        | |  2.1

Action                   |  1- 3 |  4- 6 || total
-------------------------+-------+-------++-------
Melee: Dagger            |   114 |    16 ||   130
       Mace              |     5 |    95 ||   100
       Flail             |       |    34 ||    34
Evoke: Wand              |       |     1 ||     1
  Use: Scroll            |       |     6 ||     6
       Potion            |       |     1 ||     1
 Stab: Sleeping          |     1 |       ||     1
  Eat: Chunk             |     1 |     2 ||     3
       Ration            |       |     1 ||     1
Armor: Robe              |    20 |       ||    20
       Chain mail        |    87 |   125 ||   212
       Scale mail        |       |    14 ||    14
Dodge: Dodged            |    71 |    71 ||   142
